 Dungeon Crawl Stone Soup version 0.19.1 (webtiles) character file.

53 Gargo the Digger (level 3, -3/19 HPs)
             Began as a Gargoyle Earth Elementalist on Dec 10, 2016.
             Slain by an adder (4 damage)
             ... in a sewer.
             The game lasted 00:07:35 (1371 turns).

Gargo the Digger (Gargoyle Earth Elementalist)      Turns: 1371, Time: 00:07:37

Health: -3/19      AC:  5    Str: 11    XL:     3   Next: 89%
Magic:  0/7        EV: 12    Int: 16    God:
Gold:   29         SH:  0    Dex: 10    Spells: 2 memorised, 4 levels left

rFire  . . .     SeeInvis .     a - +1 whip
rCold  . . .     Gourm    .     c - +0 robe
rNeg   + . .     Faith    .     (no shield)
rPois  ∞         Spirit   .     (no helmet)
rElec  +         Reflect  .     (no cloak)
rCorr  .         Harm     .     (no gloves)
MR     .....                    (no boots)
Stlth  +.........               (no amulet)
                                (no ring)
                                (no ring)

@: no status effects
A: negative energy resistance 1, electricity resistance, unbreathing,
petrification resistance, rot immunity, AC +3
a: no special abilities


You were in a sewer.
You were not hungry.

You visited 1 branch of the dungeon, and saw 3 of its levels.
You also visited: Sewer.

You collected 29 gold pieces.

Inventory:

Hand Weapons
 a - a +1 whip (weapon)
Missiles
 b - 31 stones (quivered)
Armour
 c - a +0 robe (worn)
 i - a +3 leather armour
Scrolls
 f - 3 scrolls of identify
 h - a scroll of noise
 l - a scroll of teleportation {unknown}
 m - a scroll of magic mapping {unknown}
Potions
 j - 2 potions of beneficial mutation
Books
 e - a book of Geomancy

   Spells                             Type                      Level
   a - Sandblast                      Earth                        1
   b - Passwall                       Transmutation/Earth          2
   c - Stone Arrow                    Conjuration/Earth            3
   d - Petrify                        Transmutation/Earth          4
   e - Lee's Rapid Deconstruction     Earth                        5
Comestibles
 d - a bread ration
 g - a chunk of flesh
 k - 4 fruits


   Skills:
 - Level 1.5 Dodging
 - Level 2.1 Stealth
 * Level 3.3 Spellcasting
 + Level 1.0 Conjurations
   Level 0.7 Transmutations
 + Level 4.0 Earth Magic


You had 4 spell levels left.
You knew the following spells:

 Your Spells              Type           Power        Failure   Level  Hunger
a - Sandblast             Erth           ###...       4%          1    None
A - Stone Arrow           Conj/Erth      ##....       21%         3    ###....


Dungeon Overview and Level Annotations

Branches:
Dungeon (3/15)

Altars:
Hepliaklqana


Innate Abilities, Weirdness & Mutations

You are resistant to torment.
Your stone body is resilient. (AC +3)
You are immune to poison.
You resist negative energy. (rN+)
You are resistant to electric shocks. (rElec)
You can survive without breathing.
You are immune to petrification.
You are immune to rotting.


Message History

The adder bites you but does no damage.
You barely miss the adder.
The adder is severely wounded.
The adder barely misses you. The adder bites you.
Your unstable footing causes you to fumble your attack.
The adder bites you.
You miss the adder.
The adder is severely wounded.
The adder bites you but does no damage. The adder bites you.
* * * LOW HITPOINT WARNING * * *
You aren't carrying any items that you can evoke.
You are too injured to fight recklessly!
Your unstable footing causes you to fumble your attack.
The adder bites you.
* * * LOW HITPOINT WARNING * * *
Your unstable footing causes you to fumble your attack.
The adder bites you.
* * * LOW HITPOINT WARNING * * *
The adder bites you.
You die...

≈≈#.#≈≈≈≈≈# #≈≈≈≈≈≈≈≈≈≈
≈≈P≈.≈.≈≈≈#≈#≈≈≈≈≈≈≈≈≈≈≈
..≈P.PP≈≈≈#≈#≈≈.≈≈≈≈≈≈≈≈
≈≈≈....P≈≈#≈#..≈≈≈≈≈≈≈≈≈
≈..≈≈.≈.P≈P.P..≈.≈≈≈≈≈≈≈
#.≈....≈≈.PP≈.≈.≈≈≈≈≈≈≈≈
#..≈.≈.≈≈.P.≈≈≈..P≈≈≈≈≈≈
##.....≈≈.≈.....P.≈≈≈≈≈≈
##≈.≈≈≈..≈≈...≈#@#≈≈≈≈≈
≈≈≈.≈..≈≈≈.....#S# ≈≈≈
##.†P#########≈#≈# ≈
#≈.PP≈≈≈≈≈≈≈≈≈≈#≈#
...).####P####.#≈#
≈.≈≈≈.# #.#≈# ≈.≈.≈.#
###≈# ≈###### #≈#
.≈≈≈≈≈#


You could see an adder.

Vanquished Creatures
  An adder (D:2)
  2 dart slugs
  A leopard gecko (D:1)
  An orc (D:3)
  A ball python (D:1)
  A bat (D:1)
  3 giant cockroaches
  3 goblins (D:1)
  3 hobgoblins
  4 jackals (Sewer)
  9 kobolds
  6 frilled lizards
  2 rats (D:1)
37 creatures vanquished.

Notes
Turn   | Place    | Note
-------+----------+-------------------------------------------
     0 | D:1      | Gargo the Gargoyle Earth Elementalist began the quest for the Orb.
     0 | D:1      | Reached XP level 1. HP: 10/10 MP: 3/3
   116 | D:1      | Reached XP level 2. HP: 14/15 MP: 1/5
   573 | D:2      | Reached XP level 3. HP: 15/19 MP: 0/7
   578 | D:2      | Learned a level 3 spell: Stone Arrow
   588 | D:2      | Found a hazy altar of Hepliaklqana.
  1049 | D:3      | Found a glowing drain.
  1054 | Sewer    | Entered a sewer
  1114 | Sewer    | Reached skill level 4 in Earth Magic
  1248 | Sewer    | Reached skill level 1 in Conjurations
  1371 | Sewer    | Slain by an adder

Skill      XL: |  1  2  3 |
---------------+----------+-----
Spellcasting   | 3 |  3.3
Earth Magic    | 4 |  4.0
Conjurations   | 1 |  1.0
Dodging        | |  1.5
Stealth        | |  2.1
Transmutations | |  0.7

Action                   || total
-------------------------++-------
Melee: Whip              ||    43
 Cast: Sandblast         ||    76
  Use: Scroll            ||     3
 Stab: Sleeping          ||     1
  Eat: Chunk             ||     2
Armor: Robe              ||    20
Dodge: Dodged            ||    51
